 Dungeon Crawl Stone Soup version 0.31.0-4-g52a2dc7128 (webtiles) character file.

Game seed: 13259218056493353626

51 raph the Apothecary (level 3, -7/19 HPs)
             Began as a Deep Elf Alchemist on Jan 22, 2024.
             Mangled by Crazy Yiuf
             ... wielding a +4 quarterstaff of chaos
              (14 damage)
             ... on level 2 of the Dungeon.
             The game lasted 00:03:17 (1866 turns).

raph the Apothecary (Deep Elf Alchemist)            Turns: 1866, Time: 00:03:18

Health: -7/19      AC:  3    Str:  5    XL:     3   Next: 57%
Magic:  4/10       EV: 13    Int: 21    God:
Gold:   1          SH:  0    Dex: 15    Spells: 3/9 levels left

rFire   . . .        f - +0 sling
rCold   . . .        (no shield)
rNeg    . . .        a - +0 robe
rPois   +            (no helmet)
rElec   .            (no cloak)
rCorr   .            m - +0 pair of gloves
SInv    .            (no boots)
Will    .....        (no amulet)
Stlth   ++           g - ring of poison resistance
HPRegen 0.23/turn    (no ring)
MPRegen 0.12/turn

%: no passive effects
@: slowed, very slow
A: no striking features
a: no special abilities


You were on level 2 of the Dungeon.
You visited 1 branch of the dungeon, and saw 2 of its levels.

You collected 117 gold pieces.
You spent 116 gold pieces at shops.

Inventory:

Hand Weapons
 d - a +0 dagger
 f - a +0 sling (weapon)
Armour
 a - a +0 robe (worn)
 m - a +0 pair of gloves (worn)
 n - a +0 buckler
Jewellery
 g - a ring of poison resistance (left hand)
 i - a ring of fire
Talismans
 l - a serpent talisman
Scrolls
 c - a scroll of identify {unknown}
 k - a scroll of poison {unknown}
Potions
 b - a potion of magic
 e - a potion of brilliance {unknown}
 h - a potion of curing {unknown}
 j - a potion of heal wounds {unknown}


   Skills:
 + Level 2.9 Dodging
 + Level 3.1 Stealth
 + Level 3.5 Spellcasting
 + Level 1.7 Conjurations
 * Level 4.0 Alchemy


You had 3 spell levels left.
You knew the following spells:

 Your Spells              Type           Power      Damage    Failure   Level
a - Sting                 Conj/Alch      60%        1d6       3%          1
b - Mercury Vapours       Alch/Air       24%        N/A       9%          2
c - Mephitic Cloud        Conj/Alch/Air  11%        N/A       17%         3

Your spell library contained the following spells:

 Spells                   Type           Power      Damage    Failure   Level
 Olgreb's Toxic Radiance  Alch           20%        N/A       24%         4
 Sticky Flame             Fire/Alch      12%        2d5       50%         4


Dungeon Overview and Level Annotations

Branches:
Dungeon (2/15)

Altars:

Shops:
D:2 [

Annotations:
D:2 Crazy Yiuf


Message History

Press: ? - help, Dir - move target Fumes of mercury billow through the air!
Crazy Yiuf looks weaker.
Casting: Mercury Vapours (safe; 9% risk of failure)
Confirm with . or Enter, or press ? or * to list all spells.
Aiming: Mercury Vapours (safe; 9% risk of failure)
Press: ? - help, Dir - move target, f - Crazy Yiuf
Aim: Crazy Yiuf, wielding a +4 quarterstaff of chaos and wearing a +0 cloak (weak, chance to weaken: 99%) Fumes of mercury billow around Crazy Yiuf!
Crazy Yiuf is poisoned.
Crazy Yiuf looks even weaker.
Crazy Yiuf laughs, "Snurf!"
Aiming: Sting (safe; 3% risk of failure)
Press: ? - help, Q - select action, (/) - cycle Shift-Dir - straight line, f/p - Crazy Yiuf
Aim: Crazy Yiuf, wielding a +4 quarterstaff of chaos and wearing a +0 cloak (moderately wounded, poisoned, weak, 77% to hit)
The sting hits Crazy Yiuf.
Crazy Yiuf looks even sicker.
Crazy Yiuf is heavily wounded.
Aiming: Sting (safe; 3% risk of failure)
Press: ? - help, Q - select action, (/) - cycle Shift-Dir - straight line, f/p - Crazy Yiuf
Aim: Crazy Yiuf, wielding a +4 quarterstaff of chaos and wearing a +0 cloak (severely wounded, very poisoned, weak, 77% to hit)
The sting hits Crazy Yiuf but does no damage.
Crazy Yiuf looks even sicker.
Crazy Yiuf is severely wounded.
Crazy Yiuf hits you with a +4 quarterstaff of chaos.
You feel your power leaking away.
Crazy Yiuf screams, "Hack!"
Crazy Yiuf attacks as he pursues you!
Crazy Yiuf hits you with a +4 quarterstaff of chaos.
You feel yourself slow down. Crazy Yiuf attacks as he pursues you!
Crazy Yiuf barely misses you.
Crazy Yiuf hits you with a +4 quarterstaff of chaos.
Aiming: Sting (safe; 3% risk of failure)
Press: ? - help, Q - select action, (/) - cycle Shift-Dir - straight line, f/p - Crazy Yiuf
Aim: Crazy Yiuf, wielding a +4 quarterstaff of chaos and wearing a +0 cloak (severely wounded, very poisoned, weak, 77% to hit)
The sting hits Crazy Yiuf.
Crazy Yiuf looks even sicker.
Crazy Yiuf is almost dead.
Crazy Yiuf is no longer weakened.
Crazy Yiuf says, "Mugger chair ladder!"
Crazy Yiuf hits you with a +4 quarterstaff of chaos!
Ouch! That really hurt!
You die...

#.#####.##.#.#
####....#.....#.#
.†.........####.#
#######.#.## #.#
# #.#.# #.##
#.#.# #..# #
##### ##.# # #.##
# #@.# # ###
♣♣###g# # #)..#♣♣
♣♣..#..#
#...'.♣♣♣♣PP....#
#...#♣g.♣......##
### ♣♣♣.♣...###
♣♣♣♣♣## #####


You could see Crazy Yiuf (very poisoned).

Vanquished Creatures
  An adder (D:2)
  3 dart slugs
  4 endoplasms
  A giant cockroach (D:2)
  5 goblins
  A hobgoblin (D:1)
  3 quokkas
  4 ball pythons
  2 bats
  2 frilled lizards
  5 kobolds
  5 rats
36 creatures vanquished.

Notes
Turn   | Place    | Note
-------+----------+-------------------------------------------
     0 | D:1      | raph the Deep Elf Alchemist began the quest for the Orb.
     0 | D:1      | Reached XP level 1. HP: 10/10 MP: 6/6
   288 | D:1      | Reached XP level 2. HP: 15/15 MP: 8/8
   689 | D:1      | Learned a level 2 spell: Mercury Vapours
  1009 | D:2      | Reached XP level 3. HP: 14/19 MP: 4/9
  1178 | D:2      | Found a faded altar of an unknown god.
  1183 | D:2      | Learned a level 3 spell: Mephitic Cloud
  1497 | D:2      | Reached skill level 4 in Alchemy
  1610 | D:2      | Found Fuuzos Nymm's Armour Emporium.
  1614 | D:2      | Bought a +0 pair of gloves for 58 gold pieces
  1614 | D:2      | Bought a +0 buckler for 58 gold pieces
  1846 | D:2      | Found a runed translucent door.
  1847 | D:2      | Noticed Crazy Yiuf
  1866 | D:2      | Mangled by Crazy Yiuf

Illustrated notes

Levels and vault maps discovered:
D:1:      psy_arrival_conway, layout_rooms, serial_bayou_lake_a
D:2:      layout_loops_ring, dreamdust_ecumenical_altar_statues, serial_shops,
          nicolae_shop_trees, uniq_crazy_yiuf_cottage

Skill      XL: |  1  2  3 |
---------------+----------+-----
Stealth        | 3 |  3.1
Alchemy        | 4 |  4.0
Dodging        | |  2.9
Spellcasting   | |  3.5
Conjurations   | |  1.7

Action                     || total
---------------------------++-------
   Fire: Sling             ||    57
   Cast: Sting             ||    38
         Mercury Vapours   ||     5
 Armour: Robe              ||    16
  Dodge: Dodged            ||    25
